 Dungeon Crawl Stone Soup version 0.21-a0-472-g223bcb9 (webtiles) character file.

28802 Dysjunc the Nimble (level 13, -5/101 HPs)
             Began as a Gnoll Gladiator on Nov 21, 2017.
             Was a High Priest of Okawaru.
             Slain by a cyan ugly thing (15 damage)
             ... on level 13 of the Dungeon.
             The game lasted 00:52:00 (16193 turns).

Dysjunc the Nimble (Gnoll Gladiator)               Turns: 16193, Time: 00:52:01

Health: -5/101     AC: 23    Str: 14    XL:     13   Next: 41%
Magic:  25/25      EV: 16    Int: 16    God:    Okawaru [*****.]
Gold:   1301       SH:  4    Dex: 19    Spells: 20/28 levels left

rFire    . . .     SeeInvis +   o - +7 morningstar (freeze)
rCold    + . .     Gourm    .   (no shield)
rNeg     . . .     Faith    .   C - +5 scale mail of Resonance {rPois rC+ Str-3 Dex+5}
rPois    +         Spirit   .   c - +0 helmet
rElec    .         Reflect  .   q - +2 cloak
rCorr    .         Harm     .   Z - +0 pair of gloves {archery}
MR       .....                  Q - +1 pair of boots {Stlth+}
Stlth    ++++......             H - amulet of regeneration
HPRegen  0.66/turn              T - ring of see invisible
MPRegen  0.19/turn              z - ring of wizardry

@: no status effects
A: distributed training, fangs 1, large bone plates 1, molten scales 1, blink,
clumsy 1, strong nose
a: Blink, Heroism, Finesse, Renounce Religion


You were on level 13 of the Dungeon.
You worshipped Okawaru.
Okawaru was extremely pleased with you.
You were not hungry.

You visited 2 branches of the dungeon, and saw 15 of its levels.
You also visited: Ice Cave.

You collected 1468 gold pieces.
You spent 167 gold pieces at shops.

Inventory:

Hand Weapons
 m - a +2 great sword of venom
 o - a +7 morningstar of freezing (weapon)
 t - a +2 short sword of holy wrath
 G - a +4 morningstar
 I - a +0 whip of electrocution
 N - a +0 blowgun
 W - a +2 scimitar of flaming
Missiles
 e - 7 javelins
 l - a throwing net
 u - 7 needles of confusion
 X - 2 tomahawks of returning (quivered)
Armour
 b - a +0 leather armour
 c - a +0 helmet (worn)
 n - a +2 robe of magic resistance
 q - a +2 cloak (worn)
 C - the +5 scale mail of Resonance (worn) {rPois rC+ Str-3 Dex+5}
   (You found it on level 5 of the Dungeon)

   It affects your strength (-3).
   It affects your dexterity (+5).
   It protects you from cold.
   It protects you from poison.
 F - a +0 robe of the Archmagi
 Q - a +1 pair of boots of stealth (worn)
 Z - a +0 pair of gloves of archery (worn)
Jewellery
 z - a ring of wizardry (right hand)
 B - a +3 ring of intelligence
 H - an amulet of regeneration (around neck)
 J - a +3 amulet of reflection
 M - an uncursed ring of protection from fire
 R - an uncursed amulet of rage
 S - an uncursed ring of resist corrosion
 T - a ring of see invisible (left hand)
 U - an uncursed ring of stealth
Wands
 x - a wand of scattershot (4)
 A - a wand of polymorph (20)
 D - a wand of flame (44)
 E - a wand of acid (4)
 Y - a wand of paralysis (13)
Scrolls
 a - 6 scrolls of identify
 d - 4 scrolls of teleportation
 h - 3 scrolls of magic mapping
 O - 2 scrolls of fog
 P - 2 scrolls of remove curse
Potions
 j - a potion of curing
 k - 2 potions of brilliance
 p - 2 potions of heal wounds
 s - a potion of magic
 v - a potion of flight
 L - 2 potions of berserk rage
 V - 2 potions of resistance
Books
 K - a book of Misfortune

   Spells                             Type                      Level
   a - Confusing Touch                Hexes                        1
   b - Confuse                        Hexes                        3
   c - Gell's Gravitas                Translocation                3
   d - Petrify                        Transmutation/Earth          4
   e - Metabolic Englaciation         Hexes/Ice                    5
   f - Yara's Violent Unravelling     Hexes/Transmutation          5
Comestibles
 f - 10 bread rations
 g - 9 royal jellies
 i - 21 fruits
 w - a meat ration


   Skills:
 + Level 9.4 Fighting
 + Level 8.1 Short Blades
 + Level 10.4 Long Blades
 + Level 8.1 Axes
 + Level 8.1 Maces & Flails
 + Level 8.1 Polearms
 + Level 8.1 Staves
 + Level 8.1 Slings
 + Level 8.1 Bows
 + Level 8.1 Crossbows
 + Level 9.4 Throwing
 + Level 8.1 Armour
 + Level 10.4 Dodging
 + Level 8.1 Stealth
 + Level 8.1 Shields
 + Level 8.1 Unarmed Combat
 + Level 8.1 Spellcasting
 + Level 6.7 Conjurations
 + Level 6.7 Hexes
 + Level 6.7 Charms
 + Level 6.7 Summonings
 + Level 6.7 Necromancy
 + Level 6.7 Translocations
 + Level 6.7 Transmutations
 + Level 6.7 Fire Magic
 + Level 6.7 Ice Magic
 + Level 6.7 Air Magic
 + Level 6.7 Earth Magic
 + Level 6.7 Poison Magic
 + Level 8.9 Invocations
 + Level 8.1 Evocations


You had 20 spell levels left.
You knew the following spells:

 Your Spells              Type           Power        Failure   Level  Hunger
a - Confuse               Hex            ####....     2%          3    #......
q - Metabolic Englaciati  Hex/Ice        ####......   26%         5    #####..


Dungeon Overview and Level Annotations

Branches:
Dungeon (14/15)            Temple (1/1) D:7            Lair (0/6) D:10
    Orc (0/2) D:10
 Vaults: D:13-14

Altars:
Ashenzari
Dithmenos
Fedhas
Gozag
Hepliaklqana
Kikubaaqudgha
Makhleb
Nemelex Xobeh
Okawaru
Qazlal
Ru
Sif Muna
Trog
Vehumet
Wu Jian
Xom
Zin

Shops:
D:4 *=}%(   D:5 [!*   D:6 [   D:13 (?(**


Innate Abilities, Weirdness & Mutations

Your experience applies equally to all skills.
You have very sharp teeth.
Your uncanny sense of smell can sniff out nearby items.
You are partially covered in large bone plates. (SH +4)
You are partially covered in molten scales. (AC +2)
You can translocate small distances at will.
You are clumsy. (Dex -2)


Message History

You puncture the slime creature! You freeze the slime creature.
You kill the slime creature!
Okawaru accepts your kill.
The cyan ugly thing kicks you but does no damage.
You completely miss the cyan ugly thing.
The cyan ugly thing kicks you. The cyan ugly thing shocks you!
The cyan ugly thing kicks you! The cyan ugly thing shocks you!
* * * LOW HITPOINT WARNING * * *
You bludgeon the cyan ugly thing!! You freeze the cyan ugly thing!
The cyan ugly thing is heavily wounded.
The cyan ugly thing misses you.
You puncture the cyan ugly thing! You freeze the cyan ugly thing.
The cyan ugly thing is severely wounded.
You block the cyan ugly thing's attack.
You closely miss the cyan ugly thing.
The cyan ugly thing is severely wounded.
The cyan ugly thing kicks you!
* * * LOW HITPOINT WARNING * * *
The cyan ugly thing shocks you!
You die...

.............................#
.............................#
...............>....##########
####................#
#................#
#....u...........#
####................##########
.................u...........#
################@............#
#..♣..........#
################♣.∩.♣........#
................[.♣..........#
...........>...#############.#
...............# #.#
...............#############.#
.............................#
#............................#


You could see a cyan ugly thing.

Vanquished Creatures
  2 ice dragons (IceCv)
  2 hydras
  The ghost of Terra the Thaumaturge, a journeyman DsWz of Vehumet (D:9)
  A centaur warrior (D:13)
  6 two-headed ogres
  The ghost of NoRagrets the Grappler, a novice TrMo of Okawaru (D:8)
  An unseen horror (shapeshifter) (D:13)
  Pikel (D:8)
  A deep elf mage (D:12)
  6 ugly things
  2 cyclopes
  A manticore (D:13)
  2 ice statues (IceCv)
  An efreet (D:13)
  2 rime drakes (IceCv)
  A redback zombie (D:13)
  2 ice devils (D:11)
  3 trolls
  3 meliai (D:13)
  A hornet (D:8)
  Grinder (D:6)
  A slime creature (D:13)
  2 hippogriffs
  Sigmund (D:3)
  3 yaks (D:12)
  A vampire (D:10)
  A spriggan (D:7)
  A wyvern (D:13)
  A wraith (D:11)
  2 steam dragons (D:11)
  6 vampire mosquitoes (D:13)
  2 water moccasins
  Duvessa (D:4)
  16 ice beasts
  2 black bears
  11 orc warriors
  A sky beast (D:12)
  A phantom (D:12)
  2 necrophages
  A slave (D:8)
  5 ogres
  An eye of draining (D:10)
  A wolf (D:10)
  6 centaurs
  7 bullfrogs
  3 big kobolds
  A wyvern zombie (D:8)
  A water moccasin zombie (D:7)
  Dowan (D:4)
  2 scorpions
  3 wyvern skeletons
  15 killer bees
  15 wights
  3 electric eels (D:10)
  6 crimson imps
  A centaur zombie (D:7)
  2 howler monkeys
  A bullfrog zombie (D:10)
  4 jellies
  A quasit (D:11)
  8 hounds
  2 centaur skeletons
  11 orc wizards
  Crazy Yiuf (D:2)
  2 bullfrog skeletons
  7 orc priests
  A gnoll shaman (D:3)
  Ijyb (D:4)
  Natasha (twice) (D:4)
  5 worker ants
  2 iguanas
  The ghost of Stello111 the Poker, a weakling NaMo (D:4)
  A hound skeleton (D:10)
  A howler monkey zombie (D:5)
  5 gnolls (D:3)
  14 adders
  4 shadow imps
  2 oozes (D:3)
  2 adder zombies
  4 worms
  4 dart slugs
  3 leopard geckos
  62 orcs
  6 bats
  5 giant cockroaches
  8 goblins
  9 hobgoblins
  14 jackals
  A quokka (D:10)
  3 ball pythons
  6 frilled lizards
  22 kobolds
  2 leopard gecko skeletons
  A leopard gecko zombie (D:5)
  7 rats
405 creatures vanquished.

Vanquished Creatures (others)
  An unseen horror (D:13)
  A slave (D:8)
  A crimson imp (D:8)
  5 kobolds (D:10)
8 creatures vanquished.

Grand Total: 413 creatures vanquished

Notes
Turn   | Place    | Note
-------+----------+-------------------------------------------
     0 | D:1      | Dysjunc the Gnoll Gladiator began the quest for the Orb.
     0 | D:1      | Reached XP level 1. HP: 20/20 MP: 1/1
   101 | D:1      | Reached XP level 2. HP: 26/26 MP: 2/2
   378 | D:1      | Reached XP level 3. HP: 31/31 MP: 3/3
   808 | D:2      | Reached skill level 1 in Invocations
  1104 | D:2      | Reached skill level 1 in Short Blades
  1104 | D:2      | Reached skill level 1 in Axes
  1104 | D:2      | Reached skill level 1 in Maces & Flails
  1104 | D:2      | Reached skill level 1 in Polearms
  1104 | D:2      | Reached skill level 1 in Staves
  1104 | D:2      | Reached skill level 1 in Slings
  1104 | D:2      | Reached skill level 1 in Bows
  1104 | D:2      | Reached skill level 1 in Crossbows
  1104 | D:2      | Reached skill level 1 in Armour
  1104 | D:2      | Reached skill level 1 in Stealth
  1104 | D:2      | Reached skill level 1 in Shields
  1104 | D:2      | Reached skill level 1 in Unarmed Combat
  1104 | D:2      | Reached skill level 1 in Spellcasting
  1104 | D:2      | Reached skill level 1 in Evocations
  1179 | D:2      | Reached XP level 4. HP: 38/38 MP: 5/5
  1491 | D:2      | Found a runed door.
  1588 | D:2      | Noticed Crazy Yiuf
  1600 | D:2      | Killed Crazy Yiuf
  1600 | D:2      | Reached skill level 1 in Conjurations
  1600 | D:2      | Reached skill level 1 in Hexes
  1600 | D:2      | Reached skill level 1 in Charms
  1600 | D:2      | Reached skill level 1 in Summonings
  1600 | D:2      | Reached skill level 1 in Necromancy
  1600 | D:2      | Reached skill level 1 in Translocations
  1600 | D:2      | Reached skill level 1 in Transmutations
  1600 | D:2      | Reached skill level 1 in Fire Magic
  1600 | D:2      | Reached skill level 1 in Ice Magic
  1600 | D:2      | Reached skill level 1 in Air Magic
  1600 | D:2      | Reached skill level 1 in Earth Magic
  1600 | D:2      | Reached skill level 1 in Poison Magic
  1973 | D:3      | Reached XP level 5. HP: 31/43 MP: 5/7
  2545 | D:3      | Reached XP level 6. HP: 31/50 MP: 8/8
  2945 | D:3      | Noticed Sigmund
  3176 | D:3      | Killed Sigmund
  3176 | D:3      | Reached skill level 5 in Fighting
  3176 | D:3      | Reached skill level 5 in Throwing
  3283 | D:4      | Noticed Stello111's ghost (weakling NaMo)
  3298 | D:4      | Reached XP level 7. HP: 49/56 MP: 10/10
  3364 | D:4      | Killed Stello111's ghost
  3535 | D:4      | Noticed Natasha
  3542 | D:4      | Killed Natasha
  3555 | D:4      | Found Zybraga's Weapon Shoppe.
  3623 | D:4      | Bought a +0 great sword of venom for 137 gold pieces
  3814 | D:4      | Noticed Duvessa
  3820 | D:4      | Noticed Dowan
  3830 | D:4      | Killed Duvessa
  3834 | D:4      | Killed Dowan
  4090 | D:4      | Found Fosoad's Food Shoppe.
  4148 | D:4      | Found a burning altar of Makhleb.
  4148 | D:4      | Noticed a blizzard demon
  4151 | D:4      | Noticed a ynoxinul
  4151 | D:4      | Noticed a smoke demon
  4206 | D:4      | Noticed Ijyb
  4210 | D:4      | Killed Ijyb
  4487 | D:4      | Noticed Natasha
  4490 | D:4      | Found Batudgh's Jewellery Shop.
  4492 | D:4      | Found Cupt's Assorted Antiques.
  4494 | D:4      | Found Okif's Gadget Emporium.
  4502 | D:4      | Killed Natasha
  4534 | D:5      | Entered Level 5 of the Dungeon
  4534 | D:5      | Found Cytowkel's General Store.
  4748 | D:5      | Reached XP level 8. HP: 63/63 MP: 12/12
  4755 | D:5      | Found Nag Soe's Armour Shop.
  4878 | D:5      | Got a scorched scale mail
  4889 | D:5      | Identified the +5 scale mail of Resonance {rPois rC+ Str-3 Dex+5} (You found it on level 5 of the Dungeon)
  4953 | D:5      | Found Tisho's Distillery.
  5683 | D:6      | Reached XP level 9. HP: 43/69 MP: 14/14
  5740 | D:6      | Noticed Grinder
  5762 | D:6      | Paralysed by Grinder for 5 turns
  5778 | D:6      | Found Jeuja's Antique Armour Boutique.
  5988 | D:6      | Killed Grinder
  6059 | D:6      | Found a sparkling altar of Nemelex Xobeh.
  6139 | D:6      | Found a bloodstained altar of Trog.
  6406 | D:7      | Found a staircase to the Ecumenical Temple.
  6421 | Temple   | Entered the Ecumenical Temple
  6489 | Temple   | Became a worshipper of Warmaster Okawaru
  6660 | D:7      | Reached skill level 5 in Invocations
  6911 | D:7      | Reached * piety under Okawaru
  6986 | D:7      | Reached XP level 10. HP: 59/77 MP: 15/17
  7520 | D:8      | Found a glowing silver altar of Zin.
  7523 | D:8      | Got a faintly glowing quarterstaff
  7524 | D:8      | Identified the +2 quarterstaff "Kine" {crush, MR+} (You found it on level 8 of the Dungeon)
  7567 | D:8      | Reached skill level 5 in Short Blades
  7567 | D:8      | Reached skill level 5 in Axes
  7567 | D:8      | Reached skill level 5 in Maces & Flails
  7567 | D:8      | Reached skill level 5 in Polearms
  7567 | D:8      | Reached skill level 5 in Staves
  7567 | D:8      | Reached skill level 5 in Slings
  7567 | D:8      | Reached skill level 5 in Bows
  7567 | D:8      | Reached skill level 5 in Crossbows
  7567 | D:8      | Reached skill level 5 in Armour
  7567 | D:8      | Reached skill level 5 in Stealth
  7567 | D:8      | Reached skill level 5 in Shields
  7567 | D:8      | Reached skill level 5 in Unarmed Combat
  7567 | D:8      | Reached skill level 5 in Spellcasting
  7567 | D:8      | Reached skill level 5 in Evocations
  7633 | D:8      | Found a shadowy altar of Dithmenos.
  7640 | D:8      | Noticed a two-headed ogre
  7647 | D:8      | Killed a two-headed ogre
  7647 | D:8      | Reached ** piety under Okawaru
  7791 | D:8      | Noticed Pikel
  7805 | D:8      | Killed Pikel
  8254 | D:8      | Reached *** piety under Okawaru
  8514 | D:8      | Noticed NoRagrets's ghost (novice TrMo)
  8526 | D:8      | Killed NoRagrets's ghost
  8741 | D:8      | Found a faded altar of an unknown god.
  8741 | D:8      | Found a hazy altar of Hepliaklqana.
  8750 | D:8      | Paralysed by a hornet for 1 turns
  8761 | D:8      | Reached XP level 11. HP: 50/84 MP: 19/19
  8764 | D:8      | Found an ancient bone altar of Kikubaaqudgha.
  8766 | D:8      | Found a faded altar of an unknown god.
  8768 | D:8      | Found a radiant altar of Vehumet.
  9075 | D:9      | Noticed a two-headed ogre
  9086 | D:9      | Killed a two-headed ogre
  9086 | D:9      | Reached **** piety under Okawaru
  9409 | D:9      | Noticed Terra's ghost (journeyman DsWz)
  9744 | D:9      | Killed Terra's ghost
  9744 | D:9      | Received a gift from Okawaru
  9744 | D:9      | Reached skill level 5 in Conjurations
  9744 | D:9      | Reached skill level 5 in Hexes
  9744 | D:9      | Reached skill level 5 in Charms
  9744 | D:9      | Reached skill level 5 in Summonings
  9744 | D:9      | Reached skill level 5 in Necromancy
  9744 | D:9      | Reached skill level 5 in Translocations
  9744 | D:9      | Reached skill level 5 in Transmutations
  9744 | D:9      | Reached skill level 5 in Fire Magic
  9744 | D:9      | Reached skill level 5 in Ice Magic
  9744 | D:9      | Reached skill level 5 in Air Magic
  9744 | D:9      | Reached skill level 5 in Earth Magic
  9744 | D:9      | Reached skill level 5 in Poison Magic
 10161 | D:10     | Entered Level 10 of the Dungeon
 10452 | D:10     | Noticed a two-headed ogre
 10467 | D:10     | Killed a two-headed ogre
 10578 | D:10     | Found a staircase to the Lair.
 10639 | D:10     | Received a gift from Okawaru
 10657 | D:10     | Found a staircase to the Orcish Mines.
 12024 | D:11     | Found a frozen archway.
 12262 | IceCv    | Entered an ice cave
 12326 | IceCv    | Reached ***** piety under Okawaru
 12346 | IceCv    | Received a gift from Okawaru
 12472 | IceCv    | Reached XP level 12. HP: 81/93 MP: 15/22
 12629 | IceCv    | Received a gift from Okawaru
 12666 | IceCv    | Noticed an ice dragon
 12669 | IceCv    | Noticed an ice dragon
 12683 | IceCv    | Killed an ice dragon
 12692 | IceCv    | Killed an ice dragon
 13872 | D:12     | Noticed a two-headed ogre
 13883 | D:12     | Killed a two-headed ogre
 13977 | D:12     | Noticed a two-headed ogre
 13986 | D:12     | Killed a two-headed ogre
 14223 | D:12     | Noticed a four-headed hydra
 14285 | D:12     | Killed a four-headed hydra
 14387 | D:12     | Reached skill level 10 in Long Blades
 14387 | D:12     | Reached skill level 10 in Dodging
 14517 | D:13     | Noticed a five-headed hydra
 14672 | D:13     | Found Hetsomede's Assorted Antiques.
 14742 | D:13     | Noticed a two-headed ogre
 14756 | D:13     | Killed a two-headed ogre
 14870 | D:13     | Reached XP level 13. HP: 85/101 MP: 24/24
 15024 | D:13     | Received a gift from Okawaru
 15205 | D:13     | Learned a level 3 spell: Confuse
 15211 | D:13     | Learned a level 5 spell: Metabolic Englaciation
 15412 | D:13     | Found Jiomukle's Magic Scroll Shoppe.
 15413 | D:13     | Found Xecoomaf's Antique Weapon Shoppe.
 15416 | D:13     | Found Radgh's Weapon Shoppe.
 15417 | D:13     | Found Fiem's Assorted Antiques.
 15436 | D:13     | Bought a scroll labeled OPLALI DANU for 30 gold pieces
 16040 | D:13     | Received a gift from Okawaru
 16064 | D:13     | Gained mutation: You are clumsy. (Dex -2) [mutagenic meat]
 16065 | D:13     | Gained mutation: You can translocate small distances at will. [mutagenic meat]
 16066 | D:13     | Gained mutation: You are partially covered in molten scales. (AC +2) [mutagenic meat]
 16068 | D:13     | Gained mutation: You are partially covered in large bone plates. (SH +4) [mutagenic meat]
 16193 | D:13     | Slain by a cyan ugly thing

Vault maps used:
D:1:      dpeg_arrival_shelter
D:2:      first_bread, minmay_pentomino_r2, uniq_crazy_yiuf_cottage
D:3:      uniq_sigmund
D:4:      serial_shops, shop_statue, shop, nicolae_shop_overgrown_old_shop,
          nicolae_shop_trees, nicolae_shop_behind_doors,
          makhleb_altar_promises_db, uniq_ijyb, uniq_duvessa, uniq_natasha
D:5:      serial_shops, shop, shop, shop
D:6:      marbit_many_paths, nemelex_altar_shiori, serial_shops,
          nicolae_shop_trees, uniq_grinder
D:7:      minmay_temple_entry_glassed_door, the_bakery
D:8:      nicolae_overflow_hidden_temple, chequers_temple_overflow_minitemple,
          uniq_pikel
D:9:      kennysheep_generic_room_11
D:10:     erik_lair_island, david_orc_2
D:11:     portal_ice_cave_demonic_guard
D:13:     serial_shops, nicolae_shop_trees, minmay_shop_grid_forest,
          minmay_misc_feat_five
D:14:     david_vaults_5, okawaru_ov_weapons_minmay, hangedman_tree_tricks
Temple:   regret_index_temple_waves
IceCv:    ice_cave_small_dragons

Skill      XL: |  1  2  3  4  5  6  7  8  9 10 11 12 13 |
---------------+----------------------------------------+-----
Invocations    | 1 2 3 4 5 6 7 8 |  8.9
Short Blades   | 1 2 3 4 5 6 7 8 |  8.1
Axes           | 1 2 3 4 5 6 7 8 |  8.1
Maces & Flails | 1 2 3 4 5 6 7 8 |  8.1
Polearms       | 1 2 3 4 5 6 7 8 |  8.1
Staves         | 1 2 3 4 5 6 7 8 |  8.1
Slings         | 1 2 3 4 5 6 7 8 |  8.1
Bows           | 1 2 3 4 5 6 7 8 |  8.1
Crossbows      | 1 2 3 4 5 6 7 8 |  8.1
Armour         | 1 2 3 4 5 6 7 8 |  8.1
Stealth        | 1 2 3 4 5 6 7 8 |  8.1
Shields        | 1 2 3 4 5 6 7 8 |  8.1
Unarmed Combat | 1 2 3 4 5 6 7 8 |  8.1
Spellcasting   | 1 2 3 4 5 6 7 8 |  8.1
Evocations     | 1 2 3 4 5 6 7 8 |  8.1
Conjurations   | 1 2 3 4 5 6 |  6.7
Hexes          | 1 2 3 4 5 6 |  6.7
Charms         | 1 2 3 4 5 6 |  6.7
Summonings     | 1 2 3 4 5 6 |  6.7
Necromancy     | 1 2 3 4 5 6 |  6.7
Translocations | 1 2 3 4 5 6 |  6.7
Transmutations | 1 2 3 4 5 6 |  6.7
Fire Magic     | 1 2 3 4 5 6 |  6.7
Ice Magic      | 1 2 3 4 5 6 |  6.7
Air Magic      | 1 2 3 4 5 6 |  6.7
Earth Magic    | 1 2 3 4 5 6 |  6.7
Poison Magic   | 1 2 3 4 5 6 |  6.7
Fighting       | 5 6 7 8 9 |  9.4
Throwing       | 5 6 7 8 9 |  9.4
Long Blades    | 7 8 9 10 | 10.4
Dodging        | 7 8 9 10 | 10.4

Action                   |  1- 3 |  4- 6 |  7- 9 | 10-12 | 13-15 || total
-------------------------+-------+-------+-------+-------+-------++-------
Melee: Long sword        |    60 |   154 |    43 |       |       ||   257
       Bite              |     8 |    24 |    50 |   115 |    25 ||   222
       Punch             |     1 |     1 |     1 |    24 |    13 ||    40
       Great sword       |       |       |   228 |   175 |     4 ||   407
       Short sword       |       |       |    29 |    50 |       ||    79
       Morningstar       |       |       |     7 |   502 |   141 ||   650
       Scimitar          |       |       |       |       |     5 ||     5
Throw: Throwing net      |       |     2 |     4 |       |       ||     6
       Tomahawk          |       |       |       |    31 |     1 ||    32
       Javelin           |       |       |       |     4 |       ||     4
 Cast: Confuse           |       |       |       |       |     3 ||     3
Invok: Heroism           |       |       |       |    18 |     4 ||    22
       Finesse           |       |       |       |     2 |     1 ||     3
Evoke: Wand              |       |       |       |    11 |       ||    11
  Use: Scroll            |       |     5 |    15 |     9 |     2 ||    31
       Potion            |       |       |     8 |     3 |     2 ||    13
 Stab: Invisible         |       |     1 |     1 |       |       ||     2
       Sleeping          |       |     2 |     2 |     4 |     2 ||    10
       Held in net/web   |       |     1 |     1 |       |       ||     2
       Distracted        |       |       |     1 |     4 |       ||     5
  Eat: Chunk             |       |     8 |     7 |    21 |     7 ||    43
       Meat ration       |       |       |     1 |     1 |     1 ||     3
       Fruit             |       |       |       |       |     1 ||     1
Armor: Ring mail         |    12 |    41 |    19 |       |       ||    72
       Robe              |       |       |     3 |       |       ||     3
       Chain mail        |       |       |    71 |       |       ||    71
       Scale mail        |       |       |    50 |   364 |    92 ||   506
Dodge: Dodged            |    55 |   104 |   240 |   792 |   175 ||  1366
Block: Other             |       |       |     7 |    74 |     2 ||    83
       Reflection        |       |       |       |     2 |       ||     2
       Rpst.: Long sword |    20 |    30 |    12 |       |       ||    62
       Great sword       |       |       |    49 |    34 |       ||    83
       Scimitar          |       |       |       |       |     1 ||     1

Table legend:
 A = Spawn XP
 B = Non-spawn XP
 C = Spawn XP percentage of total XP
 D = Spawn monster count
 E = Non-spawn monster count
 F = Spawn count percentage of total count
 G = Total turns spent on level
                    A         B        C        D         E        F      G
               +---------+---------+-------+---------+---------+-------+---------
         Total |       0 |   41147 |   0.0 |       0 |     405 |   0.0 | 16193
               +---------+---------+-------+---------+---------+-------+---------
           D:1 |       0 |      40 |   0.0 |       0 |      22 |   0.0 |   595
           D:2 |       0 |     103 |   0.0 |       0 |      23 |   0.0 |  1362
           D:3 |       0 |     467 |   0.0 |       0 |      38 |   0.0 |  1178
           D:4 |       0 |     533 |   0.0 |       0 |      24 |   0.0 |  1429
           D:5 |       0 |     381 |   0.0 |       0 |      22 |   0.0 |   650
           D:6 |       0 |    1536 |   0.0 |       0 |      27 |   0.0 |  1047
           D:7 |       0 |    2202 |   0.0 |       0 |      41 |   0.0 |   927
           D:8 |       0 |    4232 |   0.0 |       0 |      34 |   0.0 |  1683
           D:9 |       0 |    2998 |   0.0 |       0 |      23 |   0.0 |  1202
          D:10 |       0 |    2892 |   0.0 |       0 |      34 |   0.0 |  1738
          D:11 |       0 |    1662 |   0.0 |       0 |      15 |   0.0 |   727
          D:12 |       0 |    6558 |   0.0 |       0 |      36 |   0.0 |   887
          D:13 |       0 |   12179 |   0.0 |       0 |      46 |   0.0 |  1613
         IceCv |       0 |    5364 |   0.0 |       0 |      20 |   0.0 |  1061
               +---------+---------+-------+---------+---------+-------+---------
